 Dungeon Crawl Stone Soup version 0.29-a0-231-g945431f764 (webtiles) character file.

Game seed: 15430731320801410519

585 fragbeetle the Poker (level 7, -2/48 (52) HPs)
             Began as a Demonspawn Cinder Acolyte on Mar 1, 2022.
             Was a High Priest of Ignis.
             Slain by a wight
             ... wielding a +3 falchion
              (6 damage)
             ... on level 4 of the Dungeon.
             The game lasted 00:05:32 (3878 turns).

fragbeetle the Poker (Demonspawn Cinder Acolyte)    Turns: 3878, Time: 00:05:33

HP:   -2/48 (52)    AC: 12    Str: 17    XL:     7   Next: 15%
MP:   8/8           EV: 11    Int: 21    God:    Ignis [*****.]
Gold: 93            SH:  0    Dex:  8    Spells: 6/8 levels left

rFire   + + .      SeeInvis .   a - -1 spear (flame)
rCold   x . .      Faith    .   (no shield)
rNeg    . . .      Spirit   .   i - +0 leather armour
rPois   .          Reflect  .   (helmet restricted)
rElec   .          Harm     .   (no cloak)
rCorr   .          Rampage  .   b - +0 pair of gloves
Will    .....                   n - +0 pair of boots
Stlth   +.........              (no amulet)
HPRegen 0.16/turn               e - ring of fire
MPRegen 0.11/turn               j - +6 ring of intelligence

@: fiery-armoured, drained
A: horns 2, powered by death 1
a: Renounce Religion, Fiery Armour, Foxfire Swarm, Rising Flame


You were on level 4 of the Dungeon.
You worshipped Ignis.
Ignis was extremely pleased with you.
You visited 2 branches of the dungeon, and saw 5 of its levels.

You collected 138 gold pieces.
You spent 45 gold pieces at shops.

Inventory:

Hand Weapons
 a - a -1 spear of flaming (weapon)
 c - a +0 long sword
 f - a +0 hunting sling
Missiles
 l - 5 poisoned darts
Armour
 b - a +0 pair of gloves (worn)
 i - a +0 leather armour (worn)
 n - a +0 pair of boots (worn)
Magical Staves
 h - a staff of poison
Jewellery
 e - a ring of fire (left hand)
 j - a +6 ring of intelligence (right hand)
Scrolls
 g - a scroll of amnesia {unknown}
 k - 3 scrolls of identify {unknown}
 q - a scroll of blinking {unknown}
 r - a scroll of teleportation {unknown}
Potions
 d - 3 potions of heal wounds {unknown}
 m - a potion of curing {unknown}
 o - 2 potions of mutation {unknown}
 p - a potion of ambrosia {unknown}


   Skills:
 - Level 3.0 Fighting
 + Level 5.6 Polearms
 - Level 1.0 Spellcasting
 - Level 5.6 Fire Magic


You had 6 spell levels left.
You knew the following spells:

 Your Spells              Type           Power      Damage    Failure   Level
a - Scorch                Fire           74%        2d8       3%          2

Your spell library contained the following spells:

 Spells                   Type           Power      Damage    Failure   Level
 Gell's Gravitas          Tloc           1%         N/A       52%         3
 Teleport Other           Tloc           1%         N/A       52%         3
 Dispersal                Tloc           0%         N/A       100%        6


Dungeon Overview and Level Annotations

Branches:
Dungeon (4/15)             Temple (1/1) D:4

Altars:
Cheibriados
Elyvilon
Fedhas
Hepliaklqana
Makhleb
Nemelex Xobeh
Okawaru
Qazlal
Ru
Sif Muna
Uskayaw
Vehumet
Xom
Zin
The Shining One

Shops:
D:4 [


Innate Abilities, Weirdness & Mutations

You have a pair of horns on your head.
You regenerate a little health from kills.


Message History

The scorpion zombie barely misses you.
There is an open door here.
You hit the wight. You burn the wight. Your headbutt misses the wight.
The wight is heavily damaged.
The wight hits you with a +3 falchion.
You hit the wight. You burn the wight. Your headbutt misses the wight.
The wight is heavily damaged.
The wight hits you with a +3 falchion!
You feel drained.
You closely miss the wight.
The wight is heavily damaged.
The wight hits you with a +3 falchion.
You barely miss the wight.
The wight is heavily damaged.
You barely miss the wight. You headbutt the wight. Your punch misses the wight.
The wight is severely damaged.
The wight barely misses you.
You hit the wight but do no damage.
The wight is severely damaged.
The wight hits you with a +3 falchion!
You hit the wight but do no damage. You headbutt the wight.
The wight is almost destroyed.
The wight completely misses you.
You closely miss the wight. Your headbutt misses the wight.
The wight is almost destroyed.
The wight hits you with a +3 falchion.
You feel drained.
You are too injured to fight recklessly!
You are too injured to fight recklessly!
You are too injured to fight recklessly!
You barely miss the wight. Your punch misses the wight.
The wight is almost destroyed.
You hit the wight but do no damage.
The wight is almost destroyed.
The wight hits you with a +3 falchion.
You hit the wight but do no damage.
The wight is almost destroyed.
The wight hits you with a +3 falchion!
* * * LOW HITPOINT WARNING * * *
A protective cloak of flame settles atop you.
The wight hits you with a +3 falchion.
You die...

........#######.#8...8# ####
# ..#.#.................# #
#...#########.#.#.....#####
#
#.#.##........#...........#
#
..#[##.#########......###.##
# ..#....#
#.#.#..##...###### ..####.#
#.#.#.........).)# #.# #.#
#.#.#.###...####.. #.####.#
#@#8#...##.## ### .......#
#z###.#.##.####### ...###.#
###Z###.....[....... ####
#.#######.'.'.##..#..#######
######.......###.###......#
#
....########.#.'.'.##..#.##
# ###.#
#.....###.####..#.########
#.#
#.###.#.'.).#...#.#.......
#.# #.#
#####.#####.#.#.######


You could see a wight and a scorpion zombie.

Vanquished Creatures
  2 ogres (D:4)
  A phantom (D:4)
  A wight (D:4)
  Jessica (D:2)
  Natasha (twice) (D:2)
  A scorpion zombie (D:4)
  2 mummies (D:4)
  A howler monkey zombie (D:4)
  8 adders
  An ufetubus (D:4)
  An adder zombie (D:4)
  3 worms (D:2)
  A dart slug (D:1)
  4 bats
  7 endoplasms
  3 giant cockroaches
  7 hobgoblins
  7 kobolds
  3 quokkas
  5 ball pythons (D:1)
  3 frilled lizards
  9 goblins
  6 rats
79 creatures vanquished.

Vanquished Creatures (others)
  A plant (D:4)
1 creature vanquished.

Grand Total: 80 creatures vanquished

Notes
Turn   | Place    | Note
-------+----------+-------------------------------------------
     0 | D:1      | fragbeetle the Demonspawn Cinder Acolyte began the quest
                  | for the Orb.
     0 | D:1      | Reached XP level 1. HP: 18/18 MP: 2/2
   222 | D:1      | Gained mutation: You have a pair of small horns on your
                  | head. [demonic ancestry]
   222 | D:1      | Reached XP level 2. HP: 20/24 MP: 3/3
   536 | D:1      | Found a faded altar of an unknown god.
   622 | D:1      | Learned a level 2 spell: Scorch
   892 | D:1      | Reached XP level 3. HP: 29/29 MP: 4/4
  1364 | D:2      | Found a blossoming altar of Fedhas.
  1365 | D:2      | Noticed Jessica
  1373 | D:2      | Killed Jessica
  1374 | D:2      | Gained mutation: You regenerate a little health from kills.
                  | [demonic ancestry]
  1374 | D:2      | Reached XP level 4. HP: 28/35 MP: 5/5
  1512 | D:2      | Noticed Natasha
  1527 | D:2      | Killed Natasha
  1701 | D:2      | Gained mutation: You have a pair of horns on your head.
                  | [demonic ancestry]
  1701 | D:2      | Reached XP level 5. HP: 34/41 MP: 6/6
  1712 | D:2      | Noticed Natasha
  1719 | D:2      | Killed Natasha
  2625 | D:4      | Noticed a phantom
  2689 | D:4      | Found a radiant altar of Vehumet.
  2759 | D:4      | Noticed an ogre
  2763 | D:4      | Killed an ogre
  2764 | D:4      | Reached XP level 6. HP: 47/47 MP: 0/7
  2963 | D:4      | Reached skill level 5 in Polearms
  2963 | D:4      | Reached skill level 5 in Fire Magic
  3222 | D:4      | Found a staircase to the Ecumenical Temple.
  3249 | Temple   | Entered the Ecumenical Temple
  3350 | D:4      | Found Oduan's Armour Emporium.
  3361 | D:4      | Bought a +0 pair of gloves for 45 gold pieces
  3750 | D:4      | Reached XP level 7. HP: 52/52 MP: 8/8
  3878 | D:4      | Slain by a wight

Illustrated notes

Levels and vault maps discovered:
D:1:      moated_graveyard_arrival, layout_loops_ring,
          shapermc_ecumenical_altar_totnotflames, item_on_display_a
D:2:      layout_rooms, basic_altar, uniq_jessica, uniq_natasha
D:3:      layout_loops_ring
D:4:      layout_loops_ring, lemuel_mausoleum_altar_kikubaaqudgha,
          mainiacjoe_overflow_boulevard, minmay_temple_entry_stoned_glass,
          serial_shops, nicolae_stop_n_shop_1
Temple:   zaba_magenta_temple

Skill      XL: |  1  2  3  4  5  6 |
---------------+-------------------+-----
Polearms       | 3 4 5 |  5.6
Fire Magic     | 3 4 5 |  5.6
Fighting       | |  3.0
Spellcasting   | |  1.0

Action                   |  1- 3 |  4- 6 |  7- 9 || total
-------------------------+-------+-------+-------++-------
Melee: Spear             |   115 |   149 |    30 ||   294
       Headbutt          |    16 |    24 |     7 ||    47
       Punch             |       |     1 |       ||     1
 Cast: Scorch            |     1 |     4 |       ||     5
Invok: Fiery Armour      |       |       |     1 ||     1
Armor: Robe              |    13 |       |       ||    13
       Leather armour    |    10 |    20 |     2 ||    32
Dodge: Dodged            |    56 |    47 |     9 ||   112

Table legend: (Time is in decaauts)
 A = Elapsed time spent in this place.
 B = Non-inter-level travel time spent in this place.
 C = Inter-level travel time spent in this place.
 D = Time resting spent in this place.
 E = Time spent auto-exploring this place.
 F = Levels seen in this place.
 G = Mean time per level.
                   A        B        C        D        E       F      G
               +--------+--------+--------+--------+--------+-----+--------+
         Total |   3847 |   3728 |    119 |      0 |   3109 |   5 |  769.4 |
       Dungeon |   3773 |   3672 |    101 |      0 |   3059 |   4 |  943.2 |
        Temple |     73 |     55 |     18 |      0 |     50 |   1 |   73.0 |
               +--------+--------+--------+--------+--------+-----+--------+

Top non-repeatable levels by time:
     D:1: 1273 daAuts
     D:4: 1117 daAuts
     D:3: 712 daAuts
     D:2: 670 daAuts
  Temple: 73 daAuts
